 Dungeon Crawl Stone Soup version 0.30-a0-879-ga8ba668304 (webtiles) character file.

Game seed: 18187191258182012970

408 112233 the Stinger (level 6, 0/36 HPs)
             Began as an Octopode Venom Mage on Mar 14, 2023.
             Was an Initiate of Vehumet.
             Slain by a killer bee (9 damage)
             ... on level 4 of the Dungeon.
             The game lasted 00:07:19 (5596 turns).

112233 the Stinger (Octopode Venom Mage)            Turns: 5596, Time: 00:07:19

Health: 0/36       AC:  1    Str:  7    XL:     6   Next: 88%
Magic:  7/11       EV: 14    Int: 20    God:    Vehumet [......]
Gold:   153        SH:  0    Dex: 12    Spells: 4/11 levels left

rFire   . . .      SeeInvis .    k - +0 dagger
rCold   . . .      Faith    .    (no shield)
rNeg    . . .      Spirit   .    (helmet restricted)
rPois   .          Reflect  .    m - amulet of the acrobat
rElec   .          Rampage  .    (no ring)
rCorr   .                        (no ring)
Will    .....                    (no ring)
Stlth   ++++                     (no ring)
HPRegen 0.26/turn                (no ring)
MPRegen 0.12/turn                (no ring)
                                 (no ring)
                                 (no ring)

@: radiating poison
A: almost no armour, amphibious, 8 rings, camouflage 1, gelatinous body 1,
(nimble swimmer 1), tentacles
a: Renounce Religion


You were on level 4 of the Dungeon.
You worshipped Vehumet.
Vehumet was noncommittal.
You visited 2 branches of the dungeon, and saw 6 of its levels.

You collected 153 gold pieces.

Inventory:

Hand Weapons
 k - a +0 dagger (weapon)
 n - a +0 dagger of speed
Armour
 l - a +0 buckler
Jewellery
 m - an amulet of the acrobat (around mantle)
Wands
 j - a wand of roots (5)
Scrolls
 c - 2 scrolls of vulnerability {unknown}
 d - 7 scrolls of identify {unknown}
 h - 3 scrolls of fog {unknown}
 i - 4 scrolls of teleportation {unknown}
 p - a scroll of butterflies {unknown}
 q - 2 scrolls of immolation {unknown}
 r - a scroll of silence {unknown}
 s - a scroll of enchant weapon {unknown}
 t - a scroll of amnesia {unknown}
 u - a scroll of magic mapping {unknown}
Potions
 a - a potion of magic
 b - 2 potions of curing
 e - 2 potions of invisibility {unknown}
 f - a potion of might {unknown}
 g - 2 potions of degeneration {unknown}
 o - 2 potions of ambrosia {unknown}
 v - a potion of heal wounds {unknown}


   Skills:
 + Level 3.6 Dodging
 + Level 5.0 Stealth
 + Level 3.3 Spellcasting
 + Level 3.0 Transmutations
 + Level 5.1 Poison Magic


You had 4 spell levels left.
You knew the following spells:

 Your Spells              Type           Power      Damage    Failure   Level
a - Sting                 Tmut/Pois      76%        1d6       2%          1
b - Poisonous Vapours     Pois/Air       26%        N/A       7%          2
c - Olgreb's Toxic Radia  Pois           24%        N/A       16%         4

Your spell library contained the following spells:

 Spells                   Type           Power      Damage    Failure   Level
 Magic Dart               Conj           12%        1d3       14%         1
 Call Imp                 Summ           3%         N/A       21%         2
 Mephitic Cloud           Conj/Pois/Air  10%        N/A       21%         3


Dungeon Overview and Level Annotations

Branches:
Dungeon (5/15)             Temple (1/1) D:4

Altars:
Cheibriados
Dithmenos
Elyvilon
Fedhas
Hepliaklqana
Kikubaaqudgha
Makhleb
Okawaru
Qazlal
Ru
Trog
Vehumet
Wu Jian
Xom
Yredelemnul
Zin
The Shining One


Innate Abilities, Weirdness & Mutations

You cannot wear most types of armour.
You are amphibious.
You can wear up to eight rings at the same time.
Your skin changes colour to match your surroundings (Stealth+).
Your rubbery body absorbs attacks. (AC +1, EV +1)
((You are camouflaged when in or above water. (Stealth+)))
You have tentacles for arms and can constrict up to eight enemies at once.


Message History

You start resting.
HP restored.
Unknown command.
You climb downwards.
The killer bee misses you. The killer bee stings you!
You are poisoned.
The killer bee poisons you! The killer bee barely misses you.
The killer bee stings you. x2
You are more poisoned.
The killer bee poisons you! The killer bee stings you.
There is a stone staircase leading up, spattered with blood here.
You feel very sick. The killer bee barely misses you.
The killer bee closely misses you. The killer bee stings you!
* * * LOW HITPOINT WARNING * * *
The killer bee misses you.
You climb upwards.
* * * LOW HITPOINT WARNING * * *
You feel very sick.
There is a stone staircase leading down here.
Unknown command.
You feel better. The killer bee misses you. The killer bee barely misses you.
The killer bee stings you.
You are poisoned.
The killer bee poisons you! The killer bee closely misses you.
You feel better. The killer bee closely misses you.
The killer bee barely misses you. The killer bee completely misses you.
The killer bee misses you.
Unknown command.
Casting: Sting (safe; 2% risk of failure)
Confirm with . or Enter, or press ? or * to list all spells.
Okay, then.
Casting: Sting (safe; 2% risk of failure)
Confirm with . or Enter, or press ? or * to list all spells.
The spell is quite dangerous to miscast (16% risk of failure)!
Continue anyway?
You begin to radiate toxic energy.
The killer bee is poisoned. x2
The killer bee looks even sicker.
The killer bee stings you. The killer bee misses you.
The killer bee stings you.
* * * LOW HITPOINT WARNING * * *
The killer bee stings you!
You die...

########## #........####
#.##........### #.##.###......#
###.##.†.###....###
#...##.....###....#
##############...##......[###..#
#...........##.y.##.....###....##
............+..y@.....###.......#
.......>....#....##.###...###.#.#
............#....##.....###...#.#
......................###.....#.#
....#####...........###..........
.....# #.............###......##
.....# #...............###....>#
.....# #.................###.###
'##### #.....................#


You could see 2 killer bees.

Vanquished Creatures
  3 killer bees (D:5)
  A howler monkey (D:4)
  An orc priest (D:4)
  A hound (D:4)
  An orc wizard (D:4)
  5 adders
  A shadow imp (D:4)
  2 worms (D:2)
  2 dart slugs
  4 orcs
  8 ball pythons
  9 bats
  11 endoplasms
  6 giant cockroaches
  8 goblins
  3 hobgoblins
  4 jackals (D:1)
  6 kobolds
  4 quokkas
  5 frilled lizards
  6 rats
91 creatures vanquished.

Vanquished Creatures (others)
  7 fungi (D:5)
7 creatures vanquished.

Grand Total: 98 creatures vanquished

Notes
Turn   | Place    | Note
-------+----------+-------------------------------------------
     0 | D:1      | 112233 the Octopode Venom Mage began the quest for the Orb.
     0 | D:1      | Reached XP level 1. HP: 11/11 MP: 3/3
   232 | D:1      | Reached XP level 2. HP: 13/17 MP: 0/5
   510 | D:1      | Found a faded altar of an unknown god.
   609 | D:1      | Reached XP level 3. HP: 12/21 MP: 0/6
   901 | D:1      | Learned a level 2 spell: Poisonous Vapours
  1606 | D:2      | Reached XP level 4. HP: 27/27 MP: 3/7
  3514 | D:3      | Found a basalt altar of Yredelemnul.
  3542 | D:3      | Found an ornate altar of the Wu Jian Council.
  3890 | D:4      | Reached XP level 5. HP: 18/31 MP: 2/9
  4627 | D:4      | Found a staircase to the Ecumenical Temple.
  4638 | D:4      | Reached XP level 6. HP: 20/36 MP: 1/10
  4998 | Temple   | Entered the Ecumenical Temple
  5023 | Temple   | Became a worshipper of Vehumet
  5406 | D:5      | Entered Level 5 of the Dungeon
  5417 | D:4      | Learned a level 4 spell: Olgreb's Toxic Radiance
  5501 | D:5      | Reached skill level 5 in Poison Magic
  5502 | D:5      | Reached skill level 5 in Stealth
  5596 | D:4      | Slain by a killer bee

Illustrated notes

Levels and vault maps discovered:
D:1:      saegor_arrival_under_anarchy, layout_basic,
          shapermc_ecumenical_altar_starsandcircs
D:2:      layout_basic
D:3:      layout_basic, mainiacjoe_overflow_two_lobes, hangedman_glass_teeth
D:4:      layout_basic, minmay_temple_entry_proselytizer, chequers_garden,
          minmay_misc_feat_tiny, corexii_item_surrounded_by_moat,
          chequers_serial_rivers_marsh, minmay_unequal
D:5:      layout_loops_ring, mainiacjoe_overflow_alcove_1, gammafunk_ghost_hive,
          serial_aquarium, aquarium_bridge_island_large
          [aquarium_subvault_large_water, aquarium_subvault_wall,
          aquarium_subvault_wall, aquarium_subvault_balcony,
          aquarium_subvault_bridge], aquarium_window_corner,
          aquarium_window_corner, aquarium_window_fake, aquarium_view_2c
Temple:   hellmonk_temple_two_chambers

Skill      XL: |  1  2  3  4  5  6 |
---------------+-------------------+-----
Stealth        | 3 4 5 |  5.0
Poison Magic   | 4 5 |  5.1
Transmutations | 2 3 |  3.0
Dodging        | 3 |  3.6
Spellcasting   | 3 |  3.3

Action                     |  1- 3 |  4- 6 || total
---------------------------+-------+-------++-------
  Melee: Unarmed           |    39 |     2 ||    41
         Constrict         |    11 |     5 ||    16
         Tentacles         |     7 |     3 ||    10
         Dagger            |       |    12 ||    12
   Cast: Sting             |    67 |   110 ||   177
         Poisonous Vapours |     2 |    27 ||    29
         Olgreb's Toxic Ra |       |     2 ||     2
    Use: Potion            |       |     3 ||     3
 Armour: Skin              |    12 |     2 ||    14
  Dodge: Dodged            |    52 |    55 ||   107

Table legend: (Time is in decaauts)
 A = Elapsed time spent in this place.
 B = Non-inter-level travel time spent in this place.
 C = Inter-level travel time spent in this place.
 D = Time resting spent in this place.
 E = Time spent auto-exploring this place.
 F = Levels seen in this place.
 G = Mean time per level.
                   A        B        C        D        E       F      G
               +--------+--------+--------+--------+--------+-----+--------+
         Total |   5597 |   5294 |    303 |    334 |   4298 |   6 |  932.8 |
       Dungeon |   5562 |   5267 |    295 |    334 |   4298 |   5 | 1112.4 |
        Temple |     34 |     26 |      8 |      0 |      0 |   1 |   34.0 |
               +--------+--------+--------+--------+--------+-----+--------+

Top non-repeatable levels by time:
     D:4: 1683 daAuts
     D:2: 1395 daAuts
     D:1: 1325 daAuts
     D:3: 1147 daAuts
  Temple: 34 daAuts
     D:5: 12 daAuts
